 Dungeon Crawl Stone Soup version 0.31-a0-977-gc230f8ef24 (webtiles) character file.

Game seed: 3597780827673908291

325 timneilson the Ruffian (level 6, -1/42 HPs)
             Began as an Octopode Shapeshifter on Oct 29, 2023.
             Succumbed to an adder's poison
             ... on level 6 of the Dungeon.
             The game lasted 00:06:22 (1761 turns).

timneilson the Ruffian (Octopode Shapeshifter)      Turns: 1761, Time: 00:06:23

Health: -1/42      AC:  1    Str: 16    XL:     6   Next: 48%
Magic:  8/8        EV: 13    Int: 12    God:
Gold:   120        SH:  5    Dex: 11    Spells: 8/8 levels left

rFire   . .          .
                       - Unarmed
rCold   . . .        (no shield)
rNeg    . . .        (helmet currently unavailable)
rPois   .            j - amulet of reflection
rElec   .            (no ring)
rCorr   .            (no ring)
SInv    .            (no ring)
Will    .....        (no ring)
Stlth   +++          (no ring)
HPRegen 0.27/turn    (no ring)
MPRegen 0.11/turn    (no ring)
                     (no ring)

%: reflection
@: lethally poisoned (-1 -> -5), beast-form
A: beast (slay +2), almost no armour, amphibious, 8 rings, camouflage 1,
gelatinous body 1, (nimble swimmer 1), tentacles
a: Begin Untransformation


You were on level 6 of the Dungeon.
You were a hulking beast.
You visited 1 branch of the dungeon, and saw 5 of its levels.

You collected 120 gold pieces.

Inventory:

Jewellery
 j - an amulet of reflection (around mantle)
Talismans
 b - a beast talisman
 c - a flux talisman
Scrolls
 g - a scroll of teleportation
Potions
 a - 2 potions of lignification
 d - a potion of enlightenment
 e - a potion of resistance
 f - 2 potions of heal wounds {unknown}


   Skills:
 * Level 3.0 Fighting
 * Level 3.3 Dodging
 + Level 2.4 Stealth
 * Level 4.1 Unarmed Combat
 + Level 1.5 Spellcasting
 * Level 3.8 Shapeshifting


You had 8 spell levels left.
You didn't know any spells.
Your spell library contained the following spells:

 Spells                   Type           Power      Damage    Failure   Level
 Apportation              Tloc           0%         N/A       28%         1
 Necrotise                Necr           0%         1d4       28%         1
 Summon Small Mammal      Summ           0%         N/A       28%         1


Dungeon Overview and Level Annotations

Branches:
Dungeon (6/15)
 Temple: D:4-7

Altars:
Dithmenos
Qazlal
Uskayaw

Shops:
D:1 (


Innate Abilities, Weirdness & Mutations

You are a hulking beast.
Your limbs bulge with bestial killing power. (Slay +2)
You cannot wear most types of armour.
You are amphibious.
You can wear up to eight rings at the same time.
Your skin changes colour to match your surroundings (Stealth+).
Your rubbery body absorbs attacks. (AC +1, EV +1)
((You are camouflaged when in or above water. (Stealth+)))
You have tentacles for arms and can constrict up to eight enemies at once.


Message History

You kill the howler monkey!
A jackal comes into view.
Your Fighting skill increases to level 3!
The jackal bites you but does no damage.
You see here an iguana corpse.
You bludgeon the jackal!
You kill the jackal!
A gnoll comes into view. It is wielding a +0 halberd.
Found 17 gold pieces.
The gnoll shouts!
A gnoll comes into view. It is wielding a +0 club.
The gnoll moves out of view.
A gnoll comes into view. It is wielding a +0 club.
A jelly comes into view.
A gnoll comes into view. It is wielding a +0 spear.
The gnoll hits you with a +0 club!
The jelly quivers.
You tentacle-slap the gnoll. Your grab misses the gnoll.
The gnoll is moderately wounded.
An orc comes into view. It is wielding a +0 falchion.
The gnoll barely misses you.
The gnoll hits you from afar with a +0 halberd!
* * * LOW HITPOINT WARNING * * *
An adder comes into view.
The gnoll attacks as it pursues you! The gnoll hits you with a +0 club.
* * * LOW HITPOINT WARNING * * *
The adder hisses angrily.
The adder attacks as it pursues you! The adder misses you.
The gnoll attacks as it pursues you! You block the gnoll's attack.
The adder barely misses you. The gnoll attacks as it pursues you!
The gnoll completely misses you. The adder attacks as it pursues you!
The adder closely misses you. x2
The adder attacks as it pursues you! The adder barely misses you.
There is a stone staircase leading down here.
The adder closely misses you. The adder bites you.
* * * LOW HITPOINT WARNING * * *
You are lethally poisoned!
The adder poisons you!
You climb downwards.
You die...

.....#.....# #..
########.###
.....#.....####.#
##'##'##+##+.##.#
..#)....#..#....#
..#+###'#..#..#.#
..#.....#..#.##.##
..+.._..+).'.##..#
..#.....#[.#####.######.
..#+###+#..# #.h.......
.. #..# #.S######. +##+
#..# #..# #..# .... ....
.#...


You could see an adder.

Vanquished Creatures
  2 scorpions
  A howler monkey (D:5)
  An iguana (D:5)
  Natasha (D:3)
  An orc wizard (D:6)
  2 adders
  2 ufetubi (D:5)
  A worm (D:2)
  2 dart slugs (D:1)
  4 orcs (D:6)
  2 ball pythons
  5 endoplasms
  5 hobgoblins (D:1)
  2 jackals (D:5)
  3 quokkas
  5 bats
  5 frilled lizards
  6 goblins
  4 kobolds
  2 rats (D:1)
56 creatures vanquished.

Notes
Turn   | Place    | Note
-------+----------+-------------------------------------------
     0 | D:1      | timneilson the Octopode Shapeshifter began the quest for
                  | the Orb.
     0 | D:1      | Reached XP level 1. HP: 13/13 MP: 1/1
    14 | D:1      | Found Pyudeluf's Weapon Boutique.
   175 | D:1      | Reached XP level 2. HP: 17/18 MP: 2/2
   430 | D:1      | Reached skill level 1 in Stealth
   430 | D:1      | Reached XP level 3. HP: 23/23 MP: 3/3
   947 | D:2      | Reached XP level 4. HP: 29/29 MP: 5/5
   952 | D:2      | Found a shadowy altar of Dithmenos.
  1140 | D:3      | Noticed Natasha
  1145 | D:3      | Killed Natasha
  1155 | D:3      | You fall into a shaft and drop 3 floors!
  1174 | D:6      | Reached skill level 1 in Spellcasting
  1273 | D:6      | Found a hide-covered altar of Uskayaw.
  1276 | D:6      | Identified the +2 robe of Privacy {Will- rCorr Int+3}
  1278 | D:6      | Noticed a yak
  1278 | D:6      | Noticed a yak
  1278 | D:6      | Noticed a yak
  1278 | D:6      | Noticed a yak
  1330 | D:6      | Found a stormy altar of Qazlal.
  1330 | D:6      | Noticed a scorpion
  1337 | D:6      | Killed a scorpion
  1338 | D:6      | Reached XP level 5. HP: 35/35 MP: 6/6
  1471 | D:5      | Entered Level 5 of the Dungeon
  1514 | D:5      | Reached skill level 4 in Unarmed Combat
  1514 | D:5      | Reached XP level 6. HP: 14/41 MP: 6/8
  1523 | D:5      | HP: 2/41 [poisoned by a scorpion]
  1749 | D:5      | HP: 1/42 [gnoll/+0 club (4)]
  1760 | D:5      | HP: 1/42 [adder (3)]
  1761 | D:6      | Succumbed to an adder's poison

Illustrated notes

Levels and vault maps discovered:
D:1:      orjb1_clovarrival, layout_loops_ring, serial_shops, shop
D:2:      layout_rooms, basic_altar, corexii_corridor_pit
D:3:      layout_basic, uniq_natasha
D:5:      layout_cave_pools, gammafunk_ghost_smash
D:6:      layout_loops_ring, mainiacjoe_overflow_24_doors, lemuel_tele_altar,
          mainiacjoe_overflow_brackets, serial_shops, shop, chequers_arboretum

Skill      XL: |  1  2  3  4  5  6 |
---------------+-------------------+-----
Stealth        | 1 2 |  2.4
Fighting       | 2 3 |  3.0
Spellcasting   | 1 |  1.5
Dodging        | 3 |  3.3
Unarmed Combat | 4 |  4.1
Shapeshifting  | |  3.8

Action                     |  1- 3 |  4- 6 || total
---------------------------+-------+-------++-------
  Melee: Unarmed           |    68 |    51 ||   119
         Constrict         |    12 |    12 ||    24
         Tentacles         |    11 |    17 ||    28
         Punch             |     3 |     4 ||     7
    Use: Scroll            |     3 |     4 ||     7
         Potion            |       |     2 ||     2
   Stab: Sleeping          |     6 |     4 ||    10
 Armour: Skin              |    24 |    20 ||    44
  Dodge: Dodged            |    30 |    26 ||    56
  Block: Other             |       |     7 ||     7

Table legend: (Time is in decaauts)
 A = Elapsed time spent in this place.
 B = Non-inter-level travel time spent in this place.
 C = Inter-level travel time spent in this place.
 D = Time resting spent in this place.
 E = Time spent auto-exploring this place.
 F = Levels seen in this place.
 G = Mean time per level.
                   A        B        C        D        E       F      G
               +--------+--------+--------+--------+--------+-----+--------+
         Total |   1752 |   1722 |     30 |    265 |    780 |   5 |  350.4 |
       Dungeon |   1752 |   1722 |     30 |    265 |    780 |   5 |  350.4 |
               +--------+--------+--------+--------+--------+-----+--------+

Top non-repeatable levels by time:
     D:1: 661 daAuts
     D:2: 463 daAuts
     D:6: 319 daAuts
     D:5: 278 daAuts
     D:3: 30 daAuts
